Map: Mist Opportunities

Players

NamroodTuo

  • Race: Zerg Zerg

sokol

  • Race: Terran Terran
  • Spawn Location: 6:00

VOD

Have the link to the VOD?

Description

Time

  • Played on: March 8, 2023, 9:40 a.m.
  • Length: 30:03
Show
View Real Time Build Order
Export as new Build Order

NamroodTuo Zerg 

Build Orders:  

Get SALT Encoding   

  12  0:05  Infested SCV  
  13  0:19  Overlord  
  13  0:25  Infested SCV  
  14  0:37  Infested SCV  
  15  0:49  Infested Barracks  
  15  0:56  Infested SCV  
  16  1:05  Infested SCV  
  16  1:09  Infested SCV  
  18  1:22  Overlord  
  18  1:37  Overlord  
  18  1:53  Infested Marine  
  18  1:58  Infested Marine  
  20  2:04  Infested SCV  
  20  2:05  Infested Refinery  
  21  2:10  Infested SCV  
  21  2:15  Infested Marine x2  
  21  2:16  Infested Marine  
  25  2:26  Infested SCV  
  26  2:41  Infested Refinery  
  26  2:48  Infested SCV  
  27  2:57  Infested SCV  
  28  3:04  Infested Engineering Bay  
  28  3:14  Infested SCV  
  29  3:29  Infested SCV  
  28  3:59  Infested SCV  
  26  4:09  Infested Marine  
  27  4:10  Infested Marine x4  
  27  4:11  Infested Marine x2  
  27  4:12  Infested SCV  
  27  4:17  Regenerative Plating  
  34  4:26  Infested SCV  
  35  4:30  Infested Factory  
  35  4:37  Overlord  
  35  4:51  Infested Marine  
  35  4:52  Infested Marine x3  
  39  5:26  Overlord, Infested SCV  
  39  5:28  Overlord  
  40  5:31  Infested Command Center  
  40  5:32  Unknown  
  40  5:34  Infested Factory Tech Lab  
  40  5:44  Infested Armory  
  32  5:59  Overlord  
  32  6:07  Infested Diamondback  
  32  6:08  Infested Diamondback  
  38  6:14  Infested SCV x2  
  40  6:20  Infested Factory  
  41  6:47  Infested Bunker  
  41  6:54  Aggressive Incubation  
  41  7:02  Stukov Vehicle and Ship Weapons Level 1  
  41  7:13  Infested SCV x3  
  44  7:34  Infested Diamondback x2  
  50  7:43  Infested Diamondback  
  53  7:52  Saturated Cultures  
  53  8:03  Infested SCV  
  53  8:05  Infested SCV  
  53  8:09  Infested SCV  
  56  8:15  Infested SCV  
  57  9:07  Infested Diamondback x4  
  57  9:08  Infested Diamondback x2  
  60  9:21  Infested Diamondback  
  63  9:33  Calcified Armor  
  63  9:42  Stukov Vehicle and Ship Armor Level 1  
  63  10:12  Overseer x3  
  63  10:32  Infested SCV  
  63  10:33  Stukov Infantry Armor Level 1, Infested SCV x4  
  63  10:38  Infested Refinery  
  68  10:43  Infested Refinery  
  68  10:57  Infested Bunker  
  72  11:00  Infested SCV x2  
  72  11:01  Infested SCV  
  72  11:09  Infested Bunker  
  79  11:15  Overlord  
  79  11:16  Infested SCV  
  80  11:44  Infested Missile Turret  
  80  11:55  Infested Missile Turret  
  80  12:52  Infested Diamondback x2  
  80  12:53  Infested Diamondback x2  
  89  13:30  Infested Marine  
  89  13:31  Infested Marine x4  
  89  13:39  Overlord x2  
  91  13:40  Overlord x5  
  91  13:41  Overlord x3  
  91  14:12  Stukov Vehicle and Ship Armor Level 2  
  91  14:18  Infested Factory Tech Lab  
  91  14:19  Infested Siege Tank  
  93  14:20  Infested Siege Tank  
  93  14:21  Infested Diamondback x3  
  104  14:35  Infested Bunker  
  99  15:28  Infested Siege Tank x2  
  99  15:29  Infested Diamondback x4  
  117  15:30  Infested Diamondback x2  
  127  15:53  Infested Bunker  
  127  15:56  Infested Bunker  
  135  16:15  Infested Bunker  
  139  16:27  Infested Bunker  
  133  16:56  Stukov Infantry Armor Level 2  
  133  17:02  Automated Mitosis  
  133  17:07  Overlord  
  133  17:08  Overlord x3  
  133  17:09  Infested SCV  
  138  17:22  Stukov Vehicle and Ship Weapons Level 2  
  138  17:37  Infested Bunker  
  132  18:05  Infested Siege Tank x2, Infested Diamondback x2  
  132  18:06  Infested Siege Tank x2, Infested Diamondback x2  
  156  18:28  Overseer  
  156  18:29  Overseer x2  
  144  19:26  Infested Siege Tank  
  144  19:27  Infested Siege Tank x2, Infested Diamondback x2  
  144  19:28  Infested Siege Tank x2, Infested Diamondback  
  165  20:06  Stukov Infantry Weapons Level 1  
  165  20:32  Stukov Vehicle and Ship Armor Level 3  
  132  21:40  Infested Marine x6  
  132  21:41  Infested Marine x14  
  149  22:09  Infested Siege Tank  
  152  22:10  Infested Siege Tank x2, Infested Diamondback x2  
  152  22:11  Infested Siege Tank x3  
  137  22:46  Stukov Infantry Armor Level 3  
  137  22:48  Infested Siege Tank x2  
  137  22:49  Infested Siege Tank x2, Infested Diamondback  
  149  22:51  Infested Siege Tank  
  123  24:05  Infested Siege Tank x2, Infested Diamondback  
  123  24:06  Infested Diamondback x3  
  141  24:12  Stukov Vehicle and Ship Weapons Level 3  
  141  24:37  Infested Siege Tank x2, Infested Diamondback  
  141  24:38  Infested Diamondback  
  150  24:59  Infested Siege Tank x2  
  156  25:12  Overlord x3  
  156  25:13  Overlord x2  
  156  25:16  Overlord x2  
  156  25:17  Overlord x3  
  156  25:24  Overseer x3  
  156  25:47  Infested Siege Tank, Infested Diamondback  
  156  25:48  Infested Siege Tank, Infested Diamondback  
  159  26:39  Infested Diamondback x2  
  162  26:40  Infested Diamondback x4  
  174  27:37  Infested Siege Tank, Infested Diamondback  
  174  27:38  Infested Diamondback x4  
  192  28:43  Infested Diamondback x2  
Show
View Real Time Build Order
Export as new Build Order

sokol Terran 

Build Orders:  

Get SALT Encoding   

  12  0:07  SCV  
  13  0:37  SCV  
  14  0:53  Factory  
  14  1:03  Supply Depot  
  14  1:04  SCV  
  15  1:34  Refinery  
  15  1:40  SCV  
  15  1:47  Engineering Bay  
  16  2:07  SCV  
  17  2:13  Supply Depot  
  17  2:21  SCV  
  18  2:34  SCV  
  19  2:41  Perdition Turret  
  19  2:47  Hellion  
  21  2:55  Supply Depot  
  21  2:59  SCV  
  22  3:12  SCV  
  22  3:17  Perdition Turret  
  23  3:34  SCV  
  24  3:42  Refinery  
  24  4:05  Hellion  
  24  4:07  Command Center  
  24  4:09  SCV  
  23  5:32  SCV  
  24  5:45  SCV  
  25  6:26  SCV, Refinery  
  26  6:40  SCV  
  26  6:49  Factory Tech Reactor  
  27  6:53  SCV x2, Perdition Turret  
  27  6:54  Perdition Turret  
  29  7:03  Starport  
  29  7:07  Structure Armor, SCV  
  30  7:38  Refinery  
  30  7:39  SCV  
  31  7:52  SCV  
  31  7:57  Spinning Dizzy  
  32  8:06  SCV  
  32  8:07  Hi-Sec Auto Tracking  
  33  8:10  Perdition Turret x2  
  33  8:12  Perdition Turret  
  33  8:13  Ares-Class Targeting System  
  33  8:16  Goliath  
  33  8:17  Goliath  
  51  8:20  SCV  
  37  8:23  Starport Tech Reactor  
  37  8:26  Perdition Turret x2  
  38  8:32  Armory  
  38  8:45  Upgrade Laser Drill Level 1  
  38  8:46  Perdition Turret  
  38  8:48  Goliath  
  38  8:49  Goliath  
  42  9:08  Perdition Turret  
  42  9:09  SCV  
  43  9:18  SCV  
  43  9:19  Perdition Turret x2  
  44  9:21  Perdition Turret  
  44  9:40  Perdition Turret  
  44  9:41  Perdition Turret  
  44  9:42  Perdition Turret  
  44  10:06  Improved Nano-Repair  
  44  10:08  Science Vessel x2  
  48  10:15  Supply Depot  
  48  10:22  Goliath x2  
  48  10:23  Perdition Turret x3  
  48  10:26  Mag-Field Accelerator  
  48  10:29  Terran Vehicle and Ship Weapons Level 1  
  51  10:32  Perdition Turret  
  51  10:33  Perdition Turret x2  
  51  10:37  Supply Depot  
  51  10:54  Goliath x2  
  51  10:59  SCV  
  55  11:06  SCV  
  57  11:13  SCV  
  57  11:15  Supply Depot  
  58  11:39  Science Vessel  
  60  11:49  Supply Depot  
  60  11:56  Targeting Optics  
  60  12:18  Upgrade Laser Drill Level 2  
  60  12:34  Cyclone x2  
  66  13:09  Terran Vehicle And Ship Armor Level 1  
  66  13:10  Cyclone x2  
  72  13:58  Supply Depot  
  72  15:35  Supply Depot  
  72  15:36  SCV  
  72  15:37  Supply Depot  
  73  15:47  Cyclone x2  
  73  15:49  SCV  
  79  15:54  Terran Vehicle and Ship Weapons Level 2  
  78  16:23  Cyclone x2  
  53  16:43  Science Vessel x2  
  57  16:59  Cyclone x2  
  63  17:26  SCV  
  64  17:35  Goliath x2  
  68  17:56  Perdition Turret  
  68  17:58  Perdition Turret  
  68  18:07  Goliath x2  
  72  18:17  SCV  
  73  18:23  Supply Depot  
  73  18:31  SCV  
  73  18:39  Cyclone x2  
  80  18:45  Perdition Turret  
  80  18:47  Spinning Dizzy  
  80  18:51  Devastation Turret  
  80  18:53  Perdition Turret  
  80  18:54  Perdition Turret x2  
  80  18:56  Supply Depot  
  80  19:00  Perdition Turret x2  
  80  19:02  Perdition Turret  
  80  19:04  Terran Vehicle And Ship Armor Level 2  
  80  19:27  Perdition Turret x3  
  80  19:34  KMC Auto-Loaders  
  80  19:53  Perdition Turret  
  80  19:54  Perdition Turret x2  
  80  19:55  Perdition Turret  
  80  20:01  Perdition Turret  
  80  20:02  Perdition Turret x2  
  80  20:40  Spinning Dizzy  
  80  20:43  Perdition Turret  
  80  21:10  Cyclone x2  
  80  21:11  Perdition Turret x3  
  80  21:15  Perdition Turret  
  86  21:22  Supply Depot  
  86  21:46  Cyclone x2  
  92  21:54  Supply Depot  
  92  21:58  Devastation Turret  
  92  22:16  Science Vessel  
  94  22:22  Cyclone x2  
  94  22:28  Spinning Dizzy  
  100  22:33  Devastation Turret  
  100  22:58  Goliath x2  
  104  23:35  Devastation Turret  
  104  23:57  Perdition Turret  
  104  24:18  Terran Vehicle and Ship Weapons Level 3  
  104  25:57  Perdition Turret  
  104  25:58  Perdition Turret  
  104  26:05  Perdition Turret  
  100  26:29  Cyclone x2  
  106  26:36  Science Vessel  
  108  27:05  Cyclone x2  
  112  27:41  Cyclone x2  
  118  28:17  Thor x2  
  118  28:18  Devastation Turret  
  118  28:19  Perdition Turret  
  130  28:22  Perdition Turret  
  130  28:23  Perdition Turret  
  130  28:24  Perdition Turret  
  130  28:36  Perdition Turret x3  
Tags
 
Commander
StukovSwann
Matchup
Co-op
Replay Pack
Multiplayer
Add a new tag
Caveats
  • Supply blocks, unpowered buildings, or Contaminate may cause inaccurate times.
  • Supply counts are checked every 10 seconds.